[Event "*** Titled Tuesday Blitz"]
[Site "Chess.com"]
[Date "2019.04.02"]
[Round "8"]
[White "black_pawn_16"]
[Black "JSMastropiero"]
[Result "1-0"]
[WhiteElo "2107"]
[BlackElo "2227"]
[TimeControl "180+2"]
[EndTime "15:52:32 PDT"]
[Termination "black_pawn_16 won by resignation"]

1. e4 e6 2. d4 d5 3. Nc3 Bb4 4. Bd3 Ne7 5. Ne2 c5 6. dxc5 Nbc6 7. O-O O-O 8. exd5 exd5 9. a3 Bxc5 10. b4 Bd6 11. Bb2 a6 12. Ng3 Ne5 13. Be2 Be6 14.
f4 Nc4 15. Bxc4 dxc4 16. f5 Bxg3 17. fxe6 Be5 18. exf7+ Kh8 19. Qe2 Ng6 20. Rad1 Qh4 21.
g3 Qh3 22. Qg2 Qe6 23. Qf3 Rac8 24. Ba1 Rc7 25. Qd5 Qxd5 26. Nxd5 Rcxf7 27. Rxf7 Rxf7 28. Bxe5 Nxe5 29. Kg2 h6 30. Re1 Ng4 31. Re2 Rd7 32. Nb6 Rd4 33. h3 Nf6 34. Kf3 c3 35. Re3 Rd6 36.
Nc4 Rc6 37. Ne5 Rc7 38. Rd3 Kh7 39. g4 Re7 40. Kf4 Rc7 41. Nf3 Rc4+ 42. Ke5 Re4+ 43. Kd6 Re2 44. Nd4 Ne4+ 45. Kd5 Re1 46. Nf3 Re2 47.
Nd4 Nf6+ 48. Kc4 Re4 49. Kxc3 Nd5+ 50. Kc4 Nf4 51. Rf3 Ne6 52. c3 Ng5 53. Rd3 Re5 54. a4 Ne4 55. Kb3 Nf2 56. Rf3 Nd1 57. Nf5 b5 58. a5 Re2 59. Rd3 Nf2 60. Re3 Rxe3 61.
Nxe3 Nxh3 62. c4 bxc4+ 63. Kxc4 Nf2 64. b5 axb5+ 65. Kxb5 Ne4 66. a6 Nd6+ 67. Kc6 Nc8 68. Nd5 h5 69. gxh5 Kh6 70. Kc7 Na7 71. Kb6 Nc8+ 72. Kb7 Nd6+ 73. Kb8 Nb5 74. Nc7 Nd4 75. Kb7 Nb3 76. a7 Na5+ 77. Ka6 1-0

[Event "*** Titled Tuesday Blitz"]
[Site "Chess.com"]
[Date "2019.04.02"]
[Round "8"]
[White "NemtsevIgor"]
[Black "TST2014"]
[Result "1/2-1/2"]
[WhiteElo "2309"]
[BlackElo "2510"]
[TimeControl "180+2"]
[EndTime "15:52:33 PDT"]
[Termination "Game drawn by stalemate"]

1. d4 Nf6 2. Bf4 g6 3. Nf3 Bg7 4.
e3 O-O 5. Be2 d6 6. O-O Nbd7 7.
c4 Ne4 8. Nbd2 Ndf6 9. h3 b6 10. Bh2 Bb7 11. Nxe4 Nxe4 12. Qc2 e6 13. Rfd1 Ng5 14.
d5 Qf6 15. Nxg5 Qxg5 16. Bf3 e5 17. e4 a5 18. b3 Bc8 19. Kh1 f5 20. a3 Bd7 21. Re1 fxe4 22. Bxe4 Bf5 23. f3 Bh6 24. Bg1 Qd2 25. Qxd2 Bxd2 26. Re2 Bc3 27. Rc1 Bxe4 28. fxe4 Bd4 29. Bxd4 exd4 30. Rd1 Rae8 31. Rxd4 Rf1+ 32. Kh2 Ra1 33. a4 Rb1 34. Rd3 Re5 35. Rf3 Kg7 36.
h4 h5 37. Ref2 Rxe4 38. Rf7+ Kh6 39. Rxc7 Rxh4+ 40. Kg3 Rg4+ 41. Kh2 Rxb3 42. Rff7 Rh4+ 43. Kg1 Rb4 44. Rfd7 Rhxc4 45. Rxc4 Rxc4 46. Rxd6 Rxa4 47. Rxb6 Rd4 48. d6 a4 49. Ra6 Kg5 50. d7 Rxd7 51.
Rxa4 Rf7 52. Kh2 Rf4 53. Ra6 h4 54. g3 hxg3+ 55. Kxg3 Rf5 56. Ra4 Rb5 57. Rc4 Rb3+ 58. Kg2 Kf5 59. Ra4 g5 60. Rc4 Re3 61. Ra4 Kg6 62. Rb4 Kh5 63. Ra4 Re8 64. Rb4 Kg6 65. Rb5 Rf8 66. Kg3 Rf4 67. Ra5 Kh5 68. Ra8 Rb4 69. Rh8+ Kg6 70. Rg8+ Kf6 71. Rf8+ Kg7 72. Ra8 Kf7 73. Ra6 Rf4 74. Rb6 Rf6 75. Rxf6+ Kxf6 76. Kg4 Kg6 77. Kg3 Kf5 78. Kf3 g4+ 79. Kg3 Kg5 80.
Kg2 Kh4 81. Kh2 g3+ 82. Kg2 Kg4 83. Kg1 Kf5 84. Kg2 Kf4 85. Kg1 Kg5 86. Kg2 Kh4 87.
Kg1 Kg4 88. Kg2 Kf4 89. Kg1 Kf3 90. Kf1 g2+ 91. Kg1 Kg3 1/2-1/2

[Event "*** Titled Tuesday Blitz"]
[Site "Chess.com"]
[Date "2019.04.02"]
[Round "8"]
[White "Fy_Rakotomaharo"]
[Black "champ2005"]
[Result "0-1"]
[WhiteElo "2638"]
[BlackElo "2810"]
[TimeControl "180+2"]
[EndTime "15:52:47 PDT"]
[Termination "champ2005 won by resignation"]

1. d4 Nf6 2. c4 g6 3. Nc3 Bg7 4. e4 d6 5. Be2 O-O 6. Bg5 c5 7.
d5 Nbd7 8. Qd2 a6 9. a4 Qb6 10. a5 Qc7 11. h4 e6 12. h5 exd5 13. cxd5 Re8 14. Qf4 b5 15. axb6 Qxb6 16. Rb1 Qb4 17. hxg6 fxg6 18. f3 Nxd5 19. exd5 Bxc3+ 20. Kf1 Qxf4 21. Bxf4 Be5 22. Nh3 Rb8 23. b3 Nf6 24. Bxe5 Rxe5 25. Nf4 Bf5 26. Rb2 g5 27. Nh5 Nxd5 28. Bxa6 Bg6 29.
Kf2 Nb4 30. Be2 Rf8 31. Ng3 d5 32. Ra1 d4 33. Bc4+ Kh8 34. Re2 Rxe2+ 35. Kxe2 Nc2 36. Ra7 Ne3 37. Kf2 Nxc4 38. bxc4 Rb8 39. Rc7 Rb2+ 40.
Kg1 d3 41. Nf1 Rb1 42. Kf2 Rb2+ 43. Kg1 Rc2 44. Rxc5 Bf7 45. Rxg5 d2 46. Nxd2 Rxd2 47. c5 Rc2 48. Kh2 h6 49. Re5 Kg7 50. f4 Kf6 51.
Kh3 Rc4 52. g3 Be6+ 53. Kg2 Bg4 54. Kf2 Rc3 55. Rd5 h5 56. Re5 Rf3+ 57. Kg2 Rd3 58.
Kf2 Rd2+ 59. Kg1 Rc2 60. Kf1 Bf3 61. Rg5 Ke6 62. Re5+ Kf6 63. Rg5 Bg4 64. Re5 Kg6 65.
Rg5+ Kf7 66. Re5 Kf6 67. Kg1 Bf3 68. Rg5 Ra2 69. Kf1 Bg4 70. Re5 Ra3 71. Kf2 Ra6 72. Rg5 Re6 73. Rd5 Re2+ 74. Kf1 Ke6 75. Rg5 Rc2 76.
Kg1 Kd7 77. Re5 Kc6 78. f5 Rxc5 79. Rxc5+ Kxc5 80. f6 Kd6 81. Kf2 Ke6 82. Ke3 Kf7 83. Kf4 Kxf6 0-1

[Event "*** Titled Tuesday Blitz"]
[Site "Chess.com"]
[Date "2019.04.02"]
[Round "8"]
[White "SARGISMV"]
[Black "Off-War"]
[Result "0-1"]
[WhiteElo "2448"]
[BlackElo "2636"]
[TimeControl "180+2"]
[EndTime "15:52:59 PDT"]
[Termination "Off-War won by resignation"]

1. d4 Nf6 2. c4 g6 3. Nc3 d5 4. Nf3 Bg7 5. cxd5 Nxd5 6. e4 Nxc3 7.
bxc3 c5 8. Be3 Bg4 9. Rc1 O-O 10.
d5 Qa5 11. Qd2 Bxf3 12. gxf3 Nd7 13. c4 Qc7 14. f4 Rad8 15. h4 Bd4 16. e5 Bxe3 17.
fxe3 Nxe5 18. fxe5 Qxe5 19. Bg2 Rd6 20. O-O Rb6 21.
Rc2 Rd8 22. Qf2 Rf6 23. Qe2 Rdd6 24. Qe1 Rxf1+ 25. Bxf1 Rf6 26. Bg2 h5 27. Rf2 Qg3 28.
Rf1 Rxf1+ 29. Kxf1 Qg4 30. e4 b6 31. Kg1 Qf4 32. a4 Kf8 33. a5 f6 34. a6 Kg7 35.
Bf1 Qg4+ 36. Bg2 Qf4 37. Qf2 Qc1+ 38. Kh2 Qxc4 39. Qf4 Qc3 40. Qc7 Qe5+ 41. Qxe5 fxe5 42. Bf1 g5 43. Kg3 Kg6 44. Bb5 g4 45. Be2 Kf6 46.
Bc4 Kf7 47. d6+ Ke8 48. Bb5+ Kd8 49. d7 e6 50. Kf2 Ke7 51. Ke3 Kd8 52. Kf2 Kc7 53.
Kg3 Kd8 54. Kf2 Kc7 55. Ke3 Kd8 56. Be2 Kxd7 57. Bb5+ Kd6 58. Be8 c4 59. Bxh5 g3 60.
Bf3 b5 61. h5 Ke7 62. Kd2 b4 63. Bg2 Kf6 64. Bf1 Kg5 65. Ke3 c3 66. Kd3 Kxh5 67.
Ke3 Kg4 68. Be2+ Kh3 69. Bf3 Kh2 70. Ke2 g2 71. Bxg2 Kxg2 72. Ke3 Kg3 73. Kd3 Kf3 74.
Kc2 Kxe4 75. Kb3 Kd5 76. Kxb4 c2 77. Kc3 c1=Q+ 78. Kb3 Qc4+ 79. Ka3 e4 0-1

[Event "*** Titled Tuesday Blitz"]
[Site "Chess.com"]
[Date "2019.04.02"]
[Round "8"]
[White "iLuusions"]
[Black "fu24"]
[Result "1-0"]
[WhiteElo "2620"]
[BlackElo "2514"]
[TimeControl "180+2"]
[EndTime "15:53:02 PDT"]
[Termination "iLuusions won by checkmate"]

1. d4 e6 2. c4 f5 3. Nc3 Nf6 4. g3 Bb4 5. Bg2 O-O 6. Nh3 d6 7. O-O Bxc3 8. bxc3 c6 9. Qc2 e5 10. Rd1 Qe7 11. a4 e4 12. c5 dxc5 13. Ba3 Na6 14.
e3 Be6 15. Bf1 Qc7 16. Nf4 Bf7 17. Bxa6 bxa6 18. Bxc5 Rfb8 19. Rdb1 Bc4 20. h4 Nd5 21. Rb4 Nxf4 22. exf4 Rxb4 23. cxb4 Qf7 24. Rc1 Bb3 25. Qe2 Bxa4 26. Qxa6 Bb5 27. Qa3 a6 28. Rc2 Re8 29.
Qe3 Qh5 30. Rc1 h6 31. Bd6 Ra8 32. Bc7 Ra7 33. Bb6 Ra8 34. Kh2 Kh7 35. Rc5 Rf8 36.
Rc1 Rf7 37. Bc5 Qg6 38. Bb6 Qe6 39. Bc5 Qa2 40. Kg1 Rd7 41. Qc3 Rd8 42. Qc2 Qf7 43. Qc3 Ra8 44. Bb6 Qe6 45. Qe3 Qd5 46. Qc3 Qf7 47. Qe3 Bc4 48. Qc3 Bd5 49. Qe3 Qe7 50.
Bc5 Qe8 51. Ra1 Qb8 52. Qe2 Qb7 53. Ra5 Kg6 54. Kh2 Kf6 55. Kg1 g5 56. fxg5+ hxg5 57. Qh5 Rg8 58. Qh6+ Kf7 59. Qh7+ Rg7 60. Qxf5+ Kg8 61.
hxg5 e3 62. fxe3 Qc7 63. Qf4 Qd7 64. Rxa6 Qc8 65. Ra1 Rf7 66. Qh4 Rf3 67. Ra7 Bf7 68. Bd6 Qe6 69. Ra8+ Be8 70. Be5 Kf7 71. Qh7+ Kf8 72.
Qg7# 1-0

[Event "*** Titled Tuesday Blitz"]
[Site "Chess.com"]
[Date "2019.04.02"]
[Round "8"]
[White "Firouzja2003"]
[Black "TregubovP"]
[Result "1/2-1/2"]
[WhiteElo "3057"]
[BlackElo "2538"]
[TimeControl "180+2"]
[EndTime "15:53:07 PDT"]
[Termination "Game drawn - insufficient material"]

1. c4 c5 2. g3 Nc6 3. Bg2 g6 4. Nf3 Bg7 5. O-O e5 6. Nc3 Nge7 7. d3 d6 8. Bd2 O-O 9. Rb1 Rb8 10. a3 a5 11. Ne1 Be6 12. Nc2 d5 13. cxd5 Nxd5 14.
Ne3 Nde7 15. a4 Nd4 16. Nc4 b6 17. Bg5 f6 18. Be3 Qd7 19. Bxd4 exd4 20. Nb5 Bd5 21. e4 dxe3 22. fxe3 f5 23. e4 Bc6 24. Qe2 Bxb5 25.
axb5 Qxb5 26. exf5 Nxf5 27. Qe6+ Kh8 28. Be4 Qe8 29.
Qxe8 Rfxe8 30. Bxf5 gxf5 31. Rxf5 a4 32. Kf1 b5 33.
Nd6 Re6 34. Ne4 c4 35. Nc5 Rc6 36. dxc4 bxc4 37. Nxa4 c3 38. Rf2 cxb2 39. Kg2 Rc4 40. Rbxb2 Bxb2 41. Nxb2 Rd4 42. Rc2 Rbb4 43. Rf2 Kg7 44.
Re2 h5 45. Rf2 Rb3 46. Rc2 Kf6 47. Nc4 Rbd3 48. Rf2+ Ke6 49. Re2+ Kf5 50. Ne3+ Kg6 51. Kh3 Rd2 52. Re1 Re4 53. Nf1 Rxe1 54. Nxd2 Re2 55. Nf3 Rf2 56. Ne5+ Kf5 57. Nd3 Rf1 58. Nf4 Kg5 59. Ng2 Rf2 60. Ne3 Re2 61. Nd5 Re5 62. Nf4 h4 63. Kg2 Kg4 64. Nh3 hxg3 65. hxg3 Re2+ 66.
Nf2+ Kg5 67. Kf3 Ra2 68. Ne4+ Kf5 69. Nd6+ Ke5 70. Nc4+ Kf5 71. g4+ Kg5 72. Kg3 Rc2 73. Ne5 Rc3+ 74. Nf3+ Kf6 75. Kf4 Rc4+ 76. Kg3 Rc3 77.
Kg2 Rc4 78. Kh3 Rxg4 79. Kxg4 1/2-1/2

[Event "*** Titled Tuesday Blitz"]
[Site "Chess.com"]
[Date "2019.04.02"]
[Round "8"]
[White "IMRosen"]
[Black "Vuk2000"]
[Result "0-1"]
[WhiteElo "2531"]
[BlackElo "2715"]
[TimeControl "180+2"]
[EndTime "15:53:34 PDT"]
[Termination "Vuk2000 won by checkmate"]

1. d4 e6 2. Bf4 Nf6 3. e3 d5 4. Nd2 Bd6 5. Bg3 O-O 6. Ngf3 b6 7. Ne5 Bb7 8. c3 c5 9. Bd3 Nc6 10. Qb1 Qc7 11. f4 g6 12. O-O Nh5 13. Bh4 f5 14. Ndf3 cxd4 15. cxd4 Nb4 16. Be2 Rac8 17. a3 Nc6 18.
Rc1 Qg7 19. b4 Nf6 20. Bxf6 Rxf6 21. Ra2 Rff8 22. Rac2 Nb8 23. Ng5 Qe7 24. Bb5 Rxc2 25. Rxc2 Rc8 26. Nef7 Rxc2 27. Qxc2 Bc7 28. Nh6+ Kh8 29. Nxe6 Bd6 30. Ng5 Qxe3+ 31. Qf2 Bxf4 32. Nhf7+ Kg7 33. g3 Qxf2+ 34. Kxf2 Bc1 35. Nd8 Bxg5 36. Nxb7 Be7 37. a4 Bxb4 38. Nd8 Kf6 39. Ke3 a6 40. Be8 Ke7 41. Nc6+ Kxe8 42. Nxb8 a5 43. Nc6 Bd6 44. Na7 Kd7 45. Nb5 Bb4 46. Kf3 Bd2 47. g4 fxg4+ 48. Kxg4 h5+ 49. Kf3 Kc6 50. Na7+ Kd6 51. Nb5+ Kd7 52.
h3 Bg5 53. Kg3 Ke6 54. Nc7+ Kd6 55. Nb5+ Kd7 56. Kf3 Be7 57. Nc3 Ke6 58. Nb5 Bd6 59.
Nc3 Be7 60. Nb5 Bb4 61. Nc7+ Kd6 62. Nb5+ Kc6 63. Na7+ Kd7 64. Nb5 Be7 65. Kf4 Bf6 66. Ke3 g5 67. Kf3 Ke6 68. Nc7+ Kf5 69. Nb5 g4+ 70.
hxg4+ hxg4+ 71. Ke3 Bg5+ 72. Kd3 g3 73. Ke2 Kg4 74.
Nc3 Bf6 75. Nxd5 Bxd4 76. Kf1 Kf3 77. Ke1 g2 78. Kd2 g1=Q 79. Kd3 Qd1+ 80. Kc4 Qxa4+ 81. Kd3 Qd1+ 82. Kc4 b5+ 83. Kxb5 Qb3+ 84. Kc6 Qc4+ 85. Kd6 Qc5+ 86. Ke6 Qc6+ 87. Kf7 Qxd5+ 88. Ke8 Qe6+ 89. Kf8 Be3 90. Kg7 Kg4 91. Kh7 Qf7+ 92. Kh8 Bd4# 0-1

[Event "*** Titled Tuesday Blitz"]
[Site "Chess.com"]
[Date "2019.04.02"]
[Round "8"]
[White "Margency"]
[Black "nabukatnezarr"]
[Result "0-1"]
[WhiteElo "2687"]
[BlackElo "2589"]
[TimeControl "180+2"]
[EndTime "15:53:48 PDT"]
[Termination "nabukatnezarr won by resignation"]

1. d4 Nf6 2. c4 g6 3. Nc3 Bg7 4. e4 O-O 5. Be2 c5 6. d5 d6 7. Nf3 e6 8. O-O exd5 9. exd5 Bg4 10. Bf4 Re8 11. h3 Bxf3 12. Bxf3 a6 13. Qd2 b6 14. Rfe1 Ra7 15. Rxe8+ Nxe8 16. Re1 Re7 17. Rxe7 Qxe7 18. Ne4 Nd7 19. b3 Bd4 20. Nc3 Ne5 21. Be2 f5 22. Kf1 Nf7 23. g4 Nf6 24. f3 g5 25. Bg3 h5 26.
gxf5 Be5 27. Bf2 Bf4 28. Qc2 Qe5 29. Na4 Be3 30. Bxe3 Qxe3 31. Qc3 Qxc3 32. Nxc3 Kg7 33. Kf2 Nd7 34. Ke3 Kf6 35. Ke4 Nh6 36. f4 g4 37. hxg4 hxg4 38. Nd1 Kf7 39. Ne3 Nf6+ 40. Kd3 g3 41. Bf3 Ke7 42. Ke2 b5 43. cxb5 axb5 44.
a4 bxa4 45. bxa4 Kd7 46. Kf1 Kc7 47. Kg2 c4 48. Kxg3 c3 49. Kh4 Nxf5+ 50. Nxf5 c2 51.
Kg5 Nd7 52. Nd4 c1=Q 53. Nb5+ Kb6 54. Nxd6 Qg1+ 55. Kf5 Nc5 56. Nc4+ Ka7 57. Ne5 Qb1+ 58. Kf6 Qh7 59. d6 Nd7+ 60. Ke6 Nf8+ 61. Kd5 Qg8+ 62. Kc6 Qb3 63. d7 Qxa4+ 64. Kd6 Nxd7 65. Nc6+ Kb6 66. Kxd7 Qxf4 67. Bd5 Qg4+ 68. Kd6 Qg6+ 69. Kd7 Qf5+ 70. Kd6 Qf4+ 71. Kd7 Qc7+ 72. Ke6 Qc8+ 73.
Kd6 Qf8+ 74. Ke6 Kc5 75. Ne7 Qh6+ 76. Kd7 Qd6+ 77. Ke8 Qa6 78. Kf7 Kd6 79. Be6 Qf1+ 80. Nf5+ Ke5 81. Ke7 Qa6 82. Bd7 Qf6+ 83. Ke8 Qg6+ 84.
Ke7 Qb6 85. Bc8 Qc5+ 86. Kd8 Kf6 87. Bd7 Qb6+ 88. Kc8 Ke5 89. Ne7 Qc5+ 90. Nc6+ Kd6 91. Kd8 Qb6+ 92. Ke8 Qe3+ 93. Kd8 Qg5+ 94. Kc8 Qc5 95. Be8 Qb6 0-1

[Event "*** Titled Tuesday Blitz"]
[Site "Chess.com"]
[Date "2019.04.02"]
[Round "8"]
[White "nurgyulsalimova"]
[Black "mikhaillushenkov"]
[Result "1/2-1/2"]
[WhiteElo "2537"]
[BlackElo "2687"]
[TimeControl "180+2"]
[EndTime "15:54:00 PDT"]
[Termination "Game drawn - insufficient material"]

1. e4 e6 2. d4 d5 3. Nc3 Nf6 4. Bg5 Be7 5. e5 Nfd7 6. h4 h6 7. Qh5 a6 8. Bd3 Nb6 9. Nf3 Nc6 10. O-O-O Nb4 11. Be2 Bd7 12. a3 Nc6 13. Bxe7 Qxe7 14.
Qg4 Qf8 15. h5 O-O-O 16. Qf4 Na5 17. Nd2 c5 18. dxc5 Qxc5 19. Rh3 Qe7 20. Qd4 Kc7 21. Rg3 Nc6 22. Qf4 Qf8 23. Nb3 Kc8 24. Qe3 Na8 25. Nd4 Ne7 26. Na2 Nc7 27. Nb4 Rg8 28.
Qb3 Nc6 29. Nbxc6 Bxc6 30. Nxc6 bxc6 31. Qb6 c5 32. Bxa6+ Nxa6 33. Qxa6+ Kc7 34. Qa7+ Kc6 35. Rb3 Rb8 36. Qa6+ Kc7 37. Qa7+ Kc6 38. Rxb8 Qxb8 39. Qxf7 Qe8 40. Qxe8+ Rxe8 41. f4 Rf8 42. g3 Rf5 43. Rh1 d4 44. b3 Kd5 45. Kd2 Ke4 46. Ke2 Rf7 47. Rh4 c4 48. bxc4 Rc7 49. Rg4 Rxc4 50.
Kd2 Rc7 51. Rg6 Kd5 52. g4 Ra7 53. g5 hxg5 54. Rxg5 Rxa3 55. Rxg7 Rh3 56. Rh7 Ke4 57. h6 Kxf4 58. Rh8 Kxe5 59. h7 Rh2+ 60. Kd3 Rh3+ 61. Kc4 Rc3+ 62. Kb5 Rc7 63. Kb6 Rg7 64. Kc6 Rf7 65.
Kc5 Rc7+ 66. Kb6 Rd7 67. Kc6 Rf7 68. Kc5 Ra7 69. Kb6 Rg7 70. Kc5 Rf7 71. Kc6 Kf5 72.
Kd6 e5 73. Re8 Rxh7 74. Rxe5+ Kf4 75. Re2 Kf3 76. Rd2 Ke3 77. Rd3+ Ke4 78. Rd2 Rh6+ 79. Kc5 Ke3 80. Rd3+ Ke4 81. Rxd4+ Ke5 82. Rd5+ Ke4 83. c4 Rh8 84. Rd7 Rc8+ 85. Kb5 Rb8+ 86. Kc6 Rc8+ 87. Kb5 Rb8+ 88. Ka4 Rc8 89. Kb4 Rb8+ 90. Kc3 Rc8 91. Rd1 Ke5 92. Kb4 Rb8+ 93. Ka5 Rc8 94. Rc1 Kd6 95. Kb5 Rb8+ 96. Ka4 Kc5 97. Ka3 Rb4 98. Rc3 Rxc4 99. Rxc4+ Kxc4 1/2-1/2

[Event "*** Titled Tuesday Blitz"]
[Site "Chess.com"]
[Date "2019.04.02"]
[Round "8"]
[White "fidezivkovic"]
[Black "MaxLeto"]
[Result "1/2-1/2"]
[WhiteElo "2341"]
[BlackElo "2321"]
[TimeControl "180+2"]
[EndTime "15:54:41 PDT"]
[Termination "Game drawn by 50-move rule"]

1. e4 c5 2. Nc3 Nc6 3. f4 e6 4.
Nf3 d5 5. Bb5 Ne7 6. exd5 exd5 7. Qe2 Qd6 8. Ne5 Be6 9. O-O g6 10. b3 Bg7 11. Bxc6+ bxc6 12. Bb2 O-O 13. Na4 Rfb8 14.
Qf2 c4 15. Bd4 cxb3 16. axb3 Nf5 17. Bc5 Qc7 18. Rae1 Nd6 19. d3 Nb5 20. Kh1 Nd6 21.
Qg3 Re8 22. Qf2 Nf5 23. Ra1 f6 24. Ng4 Bf7 25. Rae1 h5 26. Ne3 Nxe3 27. Rxe3 Rxe3 28. Qxe3 Re8 29. Qf2 a6 30. Bd4 Be6 31. Nc5 Bc8 32.
b4 Qe7 33. c3 Qe2 34. Qxe2 Rxe2 35. h3 f5 36. Bxg7 Kxg7 37. Ra1 Rc2 38. Nxa6 Bxa6 39.
Rxa6 Rxc3 40. Kg1 Rxd3 41. Rxc6 Rb3 42. Rb6 d4 43. Kf2 h4 44. b5 Kh6 45. Rb8 g5 46.
fxg5+ Kxg5 47. b6 Kf4 48. b7 Rb2+ 49. Ke1 d3 50. Kd1 Rb6 51. Kd2 Rb3 52. Kd1 Rb6 53. Kd2 Rb3 54. Rh8 Rxb7 55. Rxh4+ Kg3 56. Rh5 f4 57. Rg5+ Kf2 58. Rg4 f3 59. gxf3 Kxf3 60.
Kxd3 Rh7 61. Rg8 Rxh3 62. Rf8+ Kg4+ 63. Ke4 Ra3 64. Rg8+ Kh5 65. Kf5 Rf3+ 66. Ke4 Rf1 67. Ke5 Kh6 68. Ke6 Kh7 69. Rg2 Re1+ 70. Kf6 Rf1+ 71.
Ke6 Kh6 72. Ke5 Kh5 73. Ke6 Kh4 74. Ke5 Kh3 75. Rg8 Ra1 76. Kf4 Rf1+ 77. Ke3 Re1+ 78. Kf3 Rf1+ 79. Ke3 Rf7 80. Ke4 Kh4 81. Ke3 Kh5 82. Rg2 Kh6 83. Ke4 Kh7 84. Ke5 Rf1 85. Ke4 Kh6 86. Ke5 Kh5 87. Ke4 Kh4 88. Rg8 Kh3 89. Ke3 Rf7 90. Ke2 Re7+ 91. Kf3 Rf7+ 92.
Ke3 Kh4 93. Ke4 Kh5 94. Ke5 Kh6 95. Rg1 Rf2 96. Ke4 Kh7 97. Ke5 Re2+ 98. Kf6 Rf2+ 99. Ke7 Kh6 100. Ke6 Kh5 101. Ke5 Kh4 102. Ke4 Rf8 103. Ke3 Kh5 104. Ke4 Kh6 105. Ke5 Kh7 106. Ke6 Kh6 107. Ke7 Rf2 108. Ke6 Re2+ 109. Kf5 Rf2+ 110. Ke6 Kh5 111. Ke5 Kh4 1/2-1/2

[Event "*** Titled Tuesday Blitz"]
[Site "Chess.com"]
[Date "2019.04.02"]
[Round "8"]
[White "Kimster98"]
[Black "Sashadav97"]
[Result "0-1"]
[WhiteElo "2591"]
[BlackElo "2540"]
[TimeControl "180+2"]
[EndTime "15:56:01 PDT"]
[Termination "Sashadav97 won by resignation"]

1. Nf3 Nf6 2. b3 d5 3. Bb2 c5 4. e3 Nc6 5. Bb5 e6 6. Bxc6+ bxc6 7. Ne5 Bd6 8. f4 Qc7 9. d3 O-O 10. Nd2 Nd7 11. Ndf3 f6 12. Nxd7 Bxd7 13. O-O d4 14.
exd4 Bxf4 15. dxc5 Be3+ 16. Kh1 Bxc5 17. d4 Bd6 18.
Qe2 Rae8 19. c4 c5 20. dxc5 Bxc5 21. Bd4 e5 22. Bxc5 Qxc5 23. Qf2 Qc7 24. Rfe1 f5 25. Rad1 e4 26. Ng5 h6 27. Qd4 Bc6 28. Nh3 f4 29.
Qd6 Qxd6 30. Rxd6 Ba8 31. Kg1 e3 32. Rd4 g5 33. Rd3 g4 34. Nxf4 Rxf4 35. Rexe3 Rxe3 36. Rxe3 Kf7 37. Re5 Rd4 38. Ra5 Rd1+ 39. Kf2 Rd2+ 40. Ke3 Rd7 41. Kf4 Bxg2 42. Kxg4 Bb7 43. c5 a6 44. c6 Bxc6 45. Rxa6 Rd4+ 46. Kg3 Rd3+ 47. Kf4 Rc3 48. b4 h5 49. a4 Be8 50. b5 h4 51.
Rh6 h3 52. b6 Rc4+ 53. Kg3 Rxa4 54. b7 Rb4 55. Rxh3 Ke6 56. Rh7 Bd7 57. Rh6+ Kd5 58.
Rh5+ Kd6 59. Rh6+ Kc7 60. b8=Q+ Rxb8 61. Rf6 Rb3+ 62. Rf3 Rb4 63. h3 Kd8 64. Rf4 Rb1 65. h4 Rb5 66. Kf3 Ke7 67. Ke3 Be6 68. Kd4 Bf5 69. Ke3 Kf6 70. Ra4 Ke5 71. Ra3 Be6 72.
Rc3 Bd5 73. Ra3 Rb4 74. Kf2 Rxh4 75. Rd3 Be4 76. Rd8 Rh2+ 77. Ke3 Rh3+ 78. Kd2 Bd5 79. Ke2 Ke4 80. Re8+ Kd4 81. Kf2 Rf3+ 82. Ke2 Rf6 83. Kd2 Rf2+ 84. Re2 Rf3 85. Re8 Rd3+ 86. Ke2 Rg3 87. Kf2 Rg2+ 88. Kf1 Rb2 89. Ke1 Be4 90. Kf1 Ke3 91. Kg1 Rg2+ 92. Kf1 Rg6 93. Re7 Rg8 94.
Re6 Kf4 95. Kf2 Rg2+ 96. Kf1 Rb2 97. Rf6+ Ke3 98. Kg1 Rg2+ 99. Kf1 Rg7 100. Re6 Rg5 101. Re8 Rg4 102. Re7 Rh4 103. Rg7 Rh1+ 104. Rg1 Rh3 105. Rg7 Rh8 106. Rg5 Rh6 107. Rg7 Rh8 108. Rg5 Rh7 109. Rg3+ Bf3 110. Rg8 Be4 111. Rg3+ Kf4 112. Rg8 Rh1+ 113. Kf2 Rh2+ 114. Kg1 Rd2 115. Rf8+ Ke3 116. Rf7 Rd1+ 117. Kh2 Rh1+ 118. Kg3 Rg1+ 119. Kh2 Rg5 120. Kh3 Bf3 121. Re7+ Kf2 122. Rh7 Rg1 123. Kh4 Rh1+ 124. Kg5 Rxh7 125. Kg6 Rh5 126. Kf6 Kg3 0-1

[Event "*** Titled Tuesday Blitz"]
[Site "Chess.com"]
[Date "2019.04.02"]
[Round "9"]
[White "Kimster98"]
[Black "SergioGarciaFuentes"]
[Result "1-0"]
[WhiteElo "2592"]
[BlackElo "2054"]
[TimeControl "180+2"]
[EndTime "15:57:48 PDT"]
[Termination "Kimster98 won by resignation"]

1. Nf3 Nf6 2. b3 g6 3. Bb2 Bg7 4. g3 c5 5. c4 O-O 6. Bg2 Nc6 7.
O-O d5 8. cxd5 Qxd5 9. Ne5 Qd6 10. Nxc6 bxc6 11. Na3 Rd8 12. Nc4 Qc7 13. Be5 Qb7 14. Na5 1-0

[Event "*** Titled Tuesday Blitz"]
[Site "Chess.com"]
[Date "2019.04.02"]
[Round "9"]
[White "vovachesss"]
[Black "GadimbayliA"]
[Result "1/2-1/2"]
[WhiteElo "2539"]
[BlackElo "2823"]
[TimeControl "180+2"]
[EndTime "15:58:33 PDT"]
[Termination "Game drawn by agreement"]

1. e4 e6 2. Qe2 d5 3. exd5 Qxd5 4. Nc3 Qd8 5. Nf3 c5 6. g3 Nc6 7. Bg2 Nf6 8. O-O Be7 9. Rd1 O-O 10. d4 cxd4 11.
Nb5 Qb6 12. Nbxd4 Nxd4 13. Nxd4 Rd8 14. c3 Bc5 1/2-1/2

[Event "*** Titled Tuesday Blitz"]
[Site "Chess.com"]
[Date "2019.04.02"]
[Round "9"]
[White "maloy07"]
[Black "robbykevlishvili"]
[Result "1-0"]
[WhiteElo "2856"]
[BlackElo "2859"]
[TimeControl "180+2"]
[EndTime "15:58:49 PDT"]
[Termination "maloy07 won by resignation"]

1. e4 c5 2. Nf3 d6 3. d4 cxd4 4.
Nxd4 Nf6 5. Nc3 a6 6. h3 g6 7. g4 Bg7 8. Bg2 h5 9. g5 Nfd7 10. Be3 Nc6 11. Qd2 Nde5 12. b3 O-O 13. f4 Nd7 14.
O-O-O a5 15. a4 Nb4 16. f5 Nc5 17. Ndb5 Qb6 1-0

[Event "*** Titled Tuesday Blitz"]
[Site "Chess.com"]
[Date "2019.04.02"]
[Round "9"]
[White "MaxLeto"]
[Black "Andrjywa"]
[Result "1-0"]
[WhiteElo "2333"]
[BlackElo "2512"]
[TimeControl "180+2"]
[EndTime "15:59:07 PDT"]
[Termination "MaxLeto won by resignation"]

1. d4 Nf6 2. Bf4 d5 3. e3 c5 4. c4 cxd4 5. exd4 Nc6 6. Nf3 Bg4 7. Be2 dxc4 8. Na3 e6 9. Nxc4 Bb4+ 10. Bd2 O-O 11.
Bxb4 Nxb4 12. O-O Rc8 13. Nce5 Bf5 14. a3 Nc2 15. Rc1 Nxd4 16. Qxd4 1-0

[Event "*** Titled Tuesday Blitz"]
[Site "Chess.com"]
[Date "2019.04.02"]
[Round "9"]
[White "FairChess_on_YouTube"]
[Black "emperor87"]
[Result "1-0"]
[WhiteElo "3031"]
[BlackElo "2710"]
[TimeControl "180+2"]
[EndTime "15:59:21 PDT"]
[Termination "FairChess_on_YouTube won by resignation"]

1. e4 c5 2. Nf3 d6 3. d4 cxd4 4. Nxd4 Nf6 5. Nc3 a6 6. h4 e5 7. Nb3 Be7 8. Be2 b5 9. g4 Bb7 10. Bf3 b4 11. Nd5 Bxd5 12. exd5 h6 13. g5 hxg5 14.
hxg5 Rxh1+ 15. Bxh1 Nfd7 16. Qh5 g6 17. Qh8+ Nf8 18. Nc5 Nd7 19. Ne6 fxe6 20. dxe6 Nc5 21. Bc6+ Nd7 22. Bxd7+ 1-0

[Event "*** Titled Tuesday Blitz"]
[Site "Chess.com"]
[Date "2019.04.02"]
[Round "9"]
[White "Andreikka"]
[Black "vladimirdamjanovic"]
[Result "1-0"]
[WhiteElo "2865"]
[BlackElo "2568"]
[TimeControl "180+2"]
[EndTime "15:59:55 PDT"]
[Termination "Andreikka won by resignation"]

1. d4 Nf6 2. Nf3 c5 3. d5 d6 4. Nc3 g6 5. e4 a6 6. a4 Bg7 7. Be2 O-O 8. O-O e6 9. Bg5 h6 10. Bh4 g5 11. Bg3 exd5 12. exd5 Nh5 13. Nd2 Nxg3 14.
fxg3 Nd7 15. Bg4 Ne5 16. Bxc8 Qxc8 17. Nde4 Qd7 18. Nf6+ Bxf6 19. Rxf6 Kg7 20. Ne4 Nc4 21. Qh5 Rh8 22. Raf1 Raf8 23. Nxg5 Ne5 24. Ne4 Qg4 25. Rxf7+ Rxf7 26. Rxf7+ Nxf7 27. Qxg4+ 1-0

[Event "*** Titled Tuesday Blitz"]
[Site "Chess.com"]
[Date "2019.04.02"]
[Round "9"]
[White "chesstatour"]
[Black "kikoveiga"]
[Result "1-0"]
[WhiteElo "2011"]
[BlackElo "2156"]
[TimeControl "180+2"]
[EndTime "16:00:11 PDT"]
[Termination "chesstatour won by resignation"]

1. c4 e6 2. d4 d5 3. g3 Nf6 4. Bg2 Be7 5. Nf3 dxc4 6. Na3 O-O 7. Nxc4 c5 8. O-O Nc6 9. dxc5 Bxc5 10. Qxd8 Rxd8 11. Bg5 Bd7 12. Nfe5 Rac8 13. Nxd7 Rxd7 14. Bxc6 bxc6 15. Ne5 Rd2 16. Bxd2 1-0

[Event "*** Titled Tuesday Blitz"]
[Site "Chess.com"]
[Date "2019.04.02"]
[Round "9"]
[White "Korchmar_Vasiliy"]
[Black "jefferyx"]
[Result "1-0"]
[WhiteElo "2805"]
[BlackElo "2871"]
[TimeControl "180+2"]
[EndTime "16:00:22 PDT"]
[Termination "Korchmar_Vasiliy won by resignation"]

1. d4 Nf6 2. c4 e6 3. g3 d5 4. Bg2 dxc4 5. Nf3 a6 6. O-O Nc6 7.
e3 Rb8 8. Qe2 b5 9. b3 cxb3 10.
axb3 Nb4 11. Bb2 Bb7 12. Nbd2 Be7 13. Rfc1 O-O 14. Ne5 Bxg2 15. Kxg2 c5 16. dxc5 Nd7 17. Nxd7 Qxd7 18. Qg4 Qd5+ 19. Nf3 1-0

[Event "*** Titled Tuesday Blitz"]
[Site "Chess.com"]
[Date "2019.04.02"]
[Round "9"]
[White "djogrodek1"]
[Black "santosalberto1987"]
[Result "1-0"]
[WhiteElo "2535"]
[BlackElo "2424"]
[TimeControl "180+2"]
[EndTime "16:00:53 PDT"]
[Termination "djogrodek1 won by resignation"]

1. e4 e6 2. d4 d5 3. Nc3 Nf6 4. e5 Nfd7 5. f4 c5 6. Nf3 Nc6 7. Be3 Qb6 8. Na4 Qa5+ 9. c3 b6 10. Bd2 c4 11. b4 Qa6 12. a3 Qb7 13. g3 b5 14. Nc5 Nxc5 15. bxc5 Be7 16. Bh3 Bd7 17. O-O O-O 18. Qc2 a5 19. Rab1 Qc7 20.
f5 exf5 21. Bxf5 Bxf5 22. Qxf5 Rab8 23. e6 Qd8 24. Ng5 Bxg5 25. exf7+ Kh8 26. Bxg5 Qc7 27. Bf4 1-0